 Dungeon Crawl Stone Soup version 0.26.0-45-g9c1d065592 (webtiles) character file.

Game seed: 11276665591457644364

5357 Gnirx the Geomancer (level 10, -1/50 HPs)
             Began as a Gargoyle Earth Elementalist on Jan 30, 2021.
             Was a Believer of Vehumet.
             Slain by a boulder beetle (21 damage)
             ... on level 2 of the Lair of Beasts.
             The game lasted 00:25:41 (11137 turns).

Gnirx the Geomancer (Gargoyle Earth Elementalist)  Turns: 11137, Time: 00:25:43

Health: -1/50      AC: 17    Str: 16    XL:     10   Next: 65%
Magic:  11/23      EV: 12    Int: 18    God:    Vehumet [**....]
Gold:   279        SH:  5    Dex:  8    Spells: 21/28 levels left

rFire    . . .     SeeInvis .   I - +10 flail of Fuc Qaas {drain, Will++ Dex-2}
rCold    . . .     Faith    .   k - +1 buckler
rNeg     + . .     Spirit   .   g - +2 robe {Will+}
rPois    ∞         Reflect  .   H - +0 helmet
rElec    +         Harm     .   O - scarf {+Inv}
rCorr    .         Rampage  .   z - +0 pair of gloves {Str+3}
Will     +++..                  (no boots)
Stlth    ++........             (no amulet)
HPRegen  0.16/turn              i - +4 ring of protection
MPRegen  0.18/turn              L - ring of wizardry

@: no status effects
A: negative energy resistance 1, electricity resistance, unbreathing,
petrification resistance, miasma immunity, AC +7
a: Renounce Religion, Evoke Invisibility


You were on level 2 of the Lair of Beasts.
You worshipped Vehumet.
Vehumet was pleased with you.
You visited 3 branches of the dungeon, and saw 11 of its levels.
You also visited: Bailey.

You collected 579 gold pieces.
You spent 300 gold pieces at shops.

Inventory:

Hand Weapons
 h - a +1 whip of venom
 t - a +0 flail
 w - a +0 shortbow
 B - a +0 morningstar
 I - the +10 flail of Fuc Qaas (weapon) {drain, Will++ Dex-2}
   (You found it on level 7 of the Dungeon)

   A truly terrible weapon, it drains the life of those it strikes.
   It affects your dexterity (-2).
   It affects your willpower, your defense against some magical effects.
Missiles
 b - 99 stones
 x - 90 arrows
Armour
 c - a +0 robe
 g - a +2 robe of willpower (worn)
 k - a +1 buckler (worn)
 q - the +2 hat of the Bear Spirit {Spirit, +Rage rN+ Will++}
   (You found it on level 4 of the Dungeon)

   It protects you from negative energy.
   It affects your willpower, your defense against some magical effects.
   It lets you go berserk.
 z - a +0 pair of gloves of strength (worn)
 H - a +0 helmet (worn)
 O - a scarf of invisibility (worn)
Jewellery
 e - an uncursed ring of willpower
 i - a +4 ring of protection (left hand)
 m - an uncursed amulet of inaccuracy
 n - an uncursed ring of poison resistance
 s - a +4 ring of evasion
 C - an uncursed amulet of faith
 F - an uncursed ring of resist corrosion
 L - a ring of wizardry (right hand)
Wands
 A - a wand of random effects (10)
 N - a wand of flame (7)
Scrolls
 j - 4 scrolls of amnesia
 u - a scroll of enchant armour
 y - a scroll of remove curse
 G - a scroll of fear
 J - a scroll of teleportation
 K - a scroll of magic mapping {unknown}
 M - a scroll of identify
Potions
 a - a potion of experience {unknown}
 d - 3 potions of curing
 f - 7 potions of heal wounds
 l - 2 potions of cancellation
 o - a potion of invisibility {unknown}
 p - 4 potions of attraction
 r - 2 potions of flight
 v - 2 potions of degeneration
 D - a potion of might {unknown}
 E - a potion of brilliance {unknown}


   Skills:
 + Level 3.5 Maces & Flails
 - Level 1.5 Dodging
 - Level 2.1 Stealth
 - Level 4.0 Shields
 + Level 9.9 Spellcasting
 + Level 3.1 Conjurations
 - Level 0.7 Transmutations
 + Level 11.7 Earth Magic


You had 21 spell levels left.
You knew the following spells:

 Your Spells              Type           Power        Failure   Level
a - Sandblast             Erth           100%         1%          1
b - Passwall              Tmut/Erth      25%          1%          2
c - Stone Arrow           Conj/Erth      70%          1%          3
d - Foxfire               Conj/Fire      56%          1%          1

Your spell library contained the following spells:

 Spells                   Type           Power        Failure   Level
 Lee's Rapid Deconstruct  Erth           25%          1%          5
 Petrify                  Tmut/Erth      31%          2%          4


Dungeon Overview and Level Annotations

Branches:
Dungeon (8/15)             Temple (1/1) D:5            Lair (2/6) D:8
 Bailey (visited)
  Swamp: Lair:2-4    Shoals: Lair:2-4     Snake: Lair:2-4    Spider: Lair:2-4

Altars:
Ashenzari
Cheibriados
Dithmenos
Elyvilon
Gozag
Hepliaklqana
Kikubaaqudgha
Makhleb
Nemelex Xobeh
Qazlal
Trog
Uskayaw
Vehumet
Yredelemnul
Zin

Shops:
D:6 ([**   D:7 !


Innate Abilities, Weirdness & Mutations

You are resistant to torment.
Your stone body is resilient. (AC +7)
You are immune to poison.
You resist negative energy. (rN+)
You are resistant to electric shocks. (rElec)
You can survive without breathing.
You are immune to petrification.
You are immune to miasma.


Message History

Press: ? - help, Q - select action, (/) - cycle Shift-Dir - straight line, f/p - bullfrog
Aim: a bullfrog (severely wounded, 33% to evade)
The stone arrow hits the bullfrog!!
You kill the bullfrog!
Vehumet accepts your kill.
Aiming: Stone Arrow (safe; 1% risk of failure)
Press: ? - help, Q - select action, (/) - cycle Shift-Dir - straight line, f - boulder beetle
Aim: a boulder beetle (0% to evade)
The stone arrow hits the boulder beetle.
The boulder beetle is lightly wounded.
The boulder beetle hits you!!
Ouch! That really hurt!
The boulder beetle stops rolling and uncurls.
Aiming: Stone Arrow (safe; 1% risk of failure)
Press: ? - help, Q - select action, (/) - cycle Shift-Dir - straight line, f/p - boulder beetle
Aim: a boulder beetle (lightly wounded, 0% to evade)
The stone arrow hits the boulder beetle.
The boulder beetle is lightly wounded.
The boulder beetle bites you!!
You die...

...# ...# #
####...##
#.#PP...#.#
.(........
#......P.
#....#
#.#.<#
#..@# ##.B#
#[.°# ##.!.
#..P #....
###.. ...


You could see a boulder beetle.

Vanquished Creatures
  A black mamba (Lair:1)
  3 cane toads
  Maggie (D:6)
  A komodo dragon (Lair:1)
  A troll (D:8)
  3 yaks (D:5)
  Menkaure (D:6)
  3 water moccasins
  2 sky beasts
  A black bear (D:6)
  A phantom (D:6)
  4 ogres
  4 centaurs
  2 bullfrogs
  4 wights (D:7)
  4 electric eels (D:8)
  A centaur zombie (D:8)
  2 howler monkeys
  A bullfrog zombie (D:5)
  A centaur skeleton (D:5)
  A jelly (D:7)
  4 orc priests
  8 hounds
  6 iguanas
  Jessica (D:2)
  2 orc wizards
  7 worker ants
  2 worker ant zombies
  6 gnolls (D:7)
  5 adders
  2 shadow imps
  An ufetubus (D:5)
  An ooze (D:1)
  An adder zombie (D:6)
  2 worms (D:4)
  3 dart slugs
  5 leopard geckos
  32 orcs
  8 bats
  12 giant cockroaches
  6 goblins
  8 hobgoblins
  5 jackals
  8 kobolds
  4 quokkas
  3 ball pythons
  4 frilled lizards
  A jackal skeleton (D:5)
  A jackal zombie (D:8)
  2 leopard gecko skeletons
  A quokka skeleton (D:8)
  5 rats
198 creatures vanquished.

Vanquished Creatures (others)
  3 plants
3 creatures vanquished.

Grand Total: 201 creatures vanquished

Notes
Turn   | Place    | Note
-------+----------+-------------------------------------------
     0 | D:1      | Gnirx the Gargoyle Earth Elementalist began the quest for
                  | the Orb.
     0 | D:1      | Reached XP level 1. HP: 10/10 MP: 3/3
    86 | D:1      | Reached skill level 4 in Earth Magic
    98 | D:1      | Reached XP level 2. HP: 14/15 MP: 0/5
   638 | D:1      | Reached XP level 3. HP: 11/19 MP: 4/6
  1574 | D:2      | Reached XP level 4. HP: 24/24 MP: 6/8
  1622 | D:2      | Noticed Jessica
  1627 | D:2      | Killed Jessica
  1628 | D:2      | Reached skill level 5 in Earth Magic
  2365 | D:3      | Reached XP level 5. HP: 28/28 MP: 5/9
  2417 | D:3      | Found a basalt altar of Yredelemnul.
  2604 | D:3      | Found an opulent altar of Gozag.
  2813 | D:4      | Found the +2 hat of the Bear Spirit {Spirit, +Rage rN+
                  | Will++}
  3744 | D:5      | Entered Level 5 of the Dungeon
  3919 | D:5      | Reached skill level 6 in Earth Magic
  3919 | D:5      | Reached XP level 6. HP: 27/32 MP: 7/12
  4563 | D:5      | Reached skill level 1 in Maces & Flails
  4583 | D:5      | Reached XP level 7. HP: 28/36 MP: 14/14
  4717 | D:5      | Found a staircase to the Ecumenical Temple.
  4748 | D:5      | Reached skill level 5 in Spellcasting
  4748 | D:5      | Reached skill level 7 in Earth Magic
  4938 | Temple   | Entered the Ecumenical Temple
  4953 | Temple   | Became a worshipper of Vehumet
  5574 | D:6      | Found Duyblet's Assorted Antiques.
  5577 | D:6      | Found Feff's General Store.
  5577 | D:6      | Found Qeecreva's Weapon Shoppe.
  5577 | D:6      | Found Awuumen's Antique Armour Shoppe.
  5584 | D:6      | Noticed a yak
  5584 | D:6      | Noticed a yak
  5586 | D:6      | Noticed Menkaure
  5586 | D:6      | Noticed a yak
  5647 | D:5      | Killed a yak
  5655 | D:5      | Reached skill level 1 in Shields
  5655 | D:5      | Reached XP level 8. HP: 30/41 MP: 12/16
  5746 | D:5      | Killed a yak
  5747 | D:5      | Reached skill level 8 in Earth Magic
  5756 | D:5      | Killed a yak
  5928 | D:6      | Killed Menkaure
  6098 | D:6      | Bought a scroll labelled OPHOXT DAVITO for 22 gold pieces
  6169 | D:6      | Bought a pair of runed gloves for 135 gold pieces
  6218 | D:6      | Noticed Maggie
  6234 | D:6      | Killed Maggie
  6235 | D:6      | Reached skill level 9 in Earth Magic
  6235 | D:6      | Reached XP level 9. HP: 29/45 MP: 10/19
  6641 | D:6      | Learned a level 2 spell: Passwall
  6645 | D:6      | Learned a level 3 spell: Stone Arrow
  7244 | D:6      | Found a bloodstained altar of Trog.
  7244 | D:6      | Found a white marble altar of Elyvilon.
  7331 | D:7      | Found Cefaerobrapp's Distillery.
  7338 | D:7      | Bought a potion of degeneration for 13 gold pieces
  7338 | D:7      | Bought 2 potions of heal wounds for 130 gold pieces
  7461 | D:7      | Reached skill level 10 in Earth Magic
  7464 | D:7      | Found a flagged portal.
  7495 | Bailey   | Entered a bailey
  7857 | D:7      | Found a broken altar of Ashenzari.
  7862 | D:7      | Reached * piety under Vehumet
  7862 | D:7      | Offered knowledge of Magic Dart by Vehumet.
  8336 | D:7      | Got a fading flail
  8337 | D:7      | Identified the +10 flail of Fuc Qaas {drain, Will++ Dex-2}
                  | (You found it on level 7 of the Dungeon)
  8708 | D:8      | Found a staircase to the Lair.
  8730 | D:8      | Noticed a troll
  8733 | D:8      | Killed a troll
  8733 | D:8      | Offered knowledge of Foxfire by Vehumet.
  8736 | D:8      | Learned a level 1 spell: Foxfire
  8877 | D:8      | Reached ** piety under Vehumet
  8878 | D:8      | Reached XP level 10. HP: 48/50 MP: 20/22
  8897 | D:8      | Reached skill level 11 in Earth Magic
  8930 | D:8      | Found a shadowy altar of Dithmenos.
  9141 | D:8      | Found a sparkling altar of Nemelex Xobeh.
  9181 | D:8      | Found a white marble altar of Elyvilon.
  9203 | D:8      | Found an ancient bone altar of Kikubaaqudgha.
  9484 | D:8      | Found a basalt altar of Yredelemnul.
  9727 | Lair:1   | Entered Level 1 of the Lair of Beasts
  9734 | Lair:1   | Noticed a cane toad
  9753 | D:8      | Killed a cane toad
  9965 | Lair:1   | Reached skill level 1 in Conjurations
 10106 | Lair:1   | Noticed a black mamba
 10119 | Lair:1   | Killed a black mamba
 10324 | Lair:1   | Noticed a cane toad
 10329 | Lair:1   | Killed a cane toad
 10569 | Lair:1   | Noticed a cane toad
 10574 | Lair:1   | Killed a cane toad
 11132 | Lair:2   | Noticed a boulder beetle
 11137 | Lair:2   | Slain by a boulder beetle

Illustrated notes

Levels and vault maps discovered:
D:1:      minmay_arrival_five_plusses, layout_rooms, st_stairs_5
D:2:      layout_basic, serial_bayou, serial_bayou_pond_b, serial_bayou_pond_a,
          serial_bayou_ford_a, serial_bayou_pond_e, uniq_jessica
D:3:      layout_rooms, nicolae_gozag_seed_capital, lemuel_statue_altar
D:4:      layout_layer_cave, serial_rivers, chequers_serial_rivers_small_b,
          chequers_serial_rivers_micro_e, chequers_serial_rivers_small_a,
          chequers_serial_rivers_small_a, hangedman_feature_mirror
D:5:      layout_loops_corners, temple_pool_b
D:6:      layout_layer_cave, gammafunk_temple_overflow_elements,
          minmay_shop_grid_forest, uniq_menkaure, uniq_maggie
D:7:      layout_loops_ring, nicolae_overflow_crystal_walls,
          lightli_bailey_entry_fortress, serial_shops, shop
D:8:      layout_cave_pools, nicolae_dithmenos_the_darkroom,
          overflow_temple_1_default, marbit_many_paths, old_standard_altar,
          erik_lair_island, elyvilon_altar_3
Temple:   nicolae_temple_god_jail
Lair:1:   layout_chaotic_city, lemuel_fruit_fields
Lair:2:   layout_concentric_octagons

Skill      XL: |  1  2  3  4  5  6  7  8  9 10 |
---------------+-------------------------------+-----
Earth Magic    | 4 5 6 7 9 10 11 | 11.7
Spellcasting   | 3 4 5 7 8 9 |  9.9
Maces & Flails | 1 2 3 |  3.5
Shields        | 1 3 4 |  4.0
Conjurations   | 3 |  3.1
Dodging        | |  1.5
Stealth        | |  2.1
Transmutations | |  0.7

Action                   |  1- 3 |  4- 6 |  7- 9 | 10-12 || total
-------------------------+-------+-------+-------+-------++-------
Melee: Unarmed           |    40 |       |       |       ||    40
       Whip              |    11 |    59 |       |       ||    70
       Flail             |       |       |    63 |     4 ||    67
       Morningstar       |       |       |    23 |       ||    23
 Cast: Sandblast         |    40 |    64 |   156 |    24 ||   284
       Stone Arrow       |       |       |       |    35 ||    35
  Use: Scroll            |     3 |     6 |     6 |     1 ||    16
 Stab: Sleeping          |       |     1 |       |       ||     1
Armor: Robe              |    44 |    30 |    69 |    16 ||   159
Dodge: Dodged            |    79 |    48 |    99 |    13 ||   239
Block: Buckler           |       |     7 |    35 |     6 ||    48
